 Dungeon Crawl Stone Soup version 0.25-a0-547-g27a0b5d1ef (console) character file.

Game seed: 3759090635837726556, levelgen mode: deterministic

33 utis the Ducker (level 3, 0/21 HPs)
             Began as a Tengu Arcane Marksman on Feb 21, 2020.
             Slain by an adder (3 damage)
             ... on level 2 of the Dungeon.
             The game lasted 00:05:06 (1844 turns).

utis the Ducker (Tengu Arcane Marksman)             Turns: 1844, Time: 00:05:07

Health: 0/21       AC:  2    Str: 15    XL:     3   Next: 29%
Magic:  4/5        EV: 13    Int: 14    God:
Gold:   31         SH:  0    Dex: 14    Spells: 1/4 levels left

rFire    . . .     SeeInvis .   a - +0 whip (venom)
rCold    . . .     Gourm    .   (no shield)
rNeg     . . .     Faith    .   e - +0 robe
rPois    .         Spirit   .   (helmet restricted)
rElec    .         Reflect  .   (no cloak)
rCorr    .         Harm     .   (no gloves)
MR       .....                  (boots unavailable)
Stlth    +.........             (no amulet)
HPRegen  0.07/turn              (no ring)
MPRegen  0.09/turn              (no ring)

@: mighty, lethally poisoned (0 -> -3), stab
A: beak, talons 3
a: no special abilities


You were on level 2 of the Dungeon.
You were hungry.

You visited 1 branch of the dungeon, and saw 2 of its levels.

You collected 31 gold pieces.

Inventory:

Hand Weapons
 a - a +0 whip of venom (weapon)
 b - a +3 hunting sling
 h - a +0 club
 n - a +2 antimagic dagger
 w - a +0 hand crossbow
Missiles
 c - 73 stones (quivered)
 d - 40 bolts
 p - 12 poisoned darts
Armour
 e - a +0 robe (worn)
Scrolls
 g - a scroll of remove curse {unknown}
 i - a scroll of teleportation {unknown}
 j - a scroll of enchant armour {unknown}
 m - 2 scrolls of identify {unknown}
Potions
 k - a potion of lignification {unknown}
 o - 2 potions of stabbing
Comestibles
 f - 2 rations {@e1}
 q - 4 chunks of flesh


   Skills:
 + Level 1.7 Fighting
 + Level 2.7 Crossbows
 + Level 2.7 Dodging
 - Level 1.0 Spellcasting
 + Level 2.4 Hexes


You had one spell level left.
You knew the following spells:

 Your Spells              Type           Power        Failure   Level  Hunger
a - Corona                Hex            #......      10%         1    ##.....
w - Slow                  Hex            #.......     14%         2    ###....

Your spell library contained the following spells:

 Spells                   Type           Power        Failure   Level  Hunger
 Inner Flame              Hex/Fire       #.......     43%         3    ####...
 Portal Projectile        Hex/Tloc       #.....       43%         3    ####...
 Cause Fear               Hex            #.........   67%         4    #####..
 Leda's Liquefaction      Hex/Erth       #.........   85%         4    #####..


Dungeon Overview and Level Annotations

Branches:
Dungeon (2/15)

Altars:


Innate Abilities, Weirdness & Mutations

You have a beak for a mouth.
You have claws for feet.


Message History

* * * LOW HITPOINT WARNING * * *
You miss the adder. Your kick misses the adder.
The adder is severely wounded.
The adder bites you but does no damage.
You hit the adder.
The adder is almost dead.
The adder closely misses you. The adder bites you.
* * * LOW HITPOINT WARNING * * *
You are lethally poisoned!
The adder poisons you!
Unknown command.
It was a potion of stabbing.
You feel ready to backstab.
* * * LOW HITPOINT WARNING * * *
You feel sick. The adder barely misses you.
Unknown command.
It was a potion of might.
You feel very mighty all of a sudden. The adder bites you.
You die...

........░ ........░
.......░░░░ .
░.░░░░░░.........░..
..................
...░░░.........░
░....░.░.......░
░.░░.░.........░
░......░..Q....░ ░
░░░......)S....░ .░░░
░░......░░..░░░░
...░░░░...➘..░░░➘..░
.........░...░ ░.░.░ ░░░░░░
░░...........░░░.░.░ ░......
..░...)░.........░➘░░.......
..........░░░...➘.➘.....g...
.....)÷...░ ░.░░.░..<.......


You could see an adder.

Vanquished Creatures
  An ooze (D:1)
  2 leopard geckos
  3 bats
  2 giant cockroaches (D:2)
  6 goblins
  5 hobgoblins
  2 kobolds (D:1)
  A frilled lizard (D:2)
  A rat (D:1)
23 creatures vanquished.

Notes
Turn   | Place    | Note
-------+----------+-------------------------------------------
     0 | D:1      | utis the Tengu Arcane Marksman began the quest for the Orb.
     0 | D:1      | Reached XP level 1. HP: 12/12 MP: 3/3
   522 | D:1      | Reached XP level 2. HP: 16/16 MP: 4/4
   824 | D:1      | Learned a level 2 spell: Slow
  1473 | D:2      | Reached XP level 3. HP: 9/20 MP: 0/5
  1844 | D:2      | Slain by an adder

Levels and vault maps discovered:
D:1:      evilmike_arrival_plus, layout_loops_corners, minmay_distorted
D:2:      layout_rooms, uniq_sigmund, uniq_terence

Action                   || total
-------------------------++-------
Melee: Club              ||     6
       Kick              ||    10
       Peck              ||     8
       Whip              ||    41
       Dagger            ||     5
 Fire: Hand crossbow     ||     4
       Hunting sling     ||     3
Throw: Stone             ||     6
 Cast: Slow              ||     8
       Corona            ||     1
  Use: Potion            ||     2
 Stab: Sleeping          ||     1
  Eat: Chunk             ||     3
Armor: Robe              ||     7
Dodge: Dodged            ||    38

Table legend:
 A = Non-vault XP
 B = Vault XP
 C = Vault XP percentage of total XP
 D = Non-vault monster count
 E = Vault monster count
 F = Vault count percentage of total count
                 A         B        C        D         E       F
            +---------+---------+-------+---------+---------+-------
      Total |      44 |       4 |   8.3 |      21 |       2 |   8.7
            +---------+---------+-------+---------+---------+-------
        D:1 |      24 |       4 |  14.3 |      10 |       2 |  16.7
        D:2 |      20 |       0 |   0.0 |      11 |       0 |   0.0
            +---------+---------+-------+---------+---------+-------
